 Seeded DCSS version 0.30.1-4-g462c640d31 (webtiles) character file.

Game seed: 6351066067085065685 (custom seed)

1396 Esekla the Reanimator (level 8, -7/41 HPs)
             Began as a Deep Elf Necromancer on Aug 19, 2023.
             Was a Believer of Vehumet.
             Mangled by a gnoll sergeant
             ... wielding a +4 trident of venom
              (16 damage)
             ... on level 7 of the Dungeon.
             The game lasted 00:27:13 (5002 turns).

Esekla the Reanimator (Deep Elf Necromancer)        Turns: 5002, Time: 00:27:14

Health: -7/41      AC:  4    Str:  4    XL:     8   Next: 41%
Magic:  16/21      EV: 14    Int: 27    God:    Vehumet [**....]
Gold:   364        SH:  0    Dex: 14    Spells: 13/22 levels left

rFire   . . .        a - +2 dagger (vamp)
rCold   . . .        (no shield)
rNeg    . . .        w - +0 robe
rPois   +            l - +0 helmet
rElec   .            (no cloak)
rCorr   .            o - +0 pair of gloves
SInv    .            (no boots)
Will    .....        x - amulet of magic regeneration
Stlth   +++          (no ring)
HPRegen 0.26/turn    (no ring)
MPRegen 0.57/turn

%: no passive effects
@: attractive, very slightly contaminated
A: clever 1, poison resistance, MP-powered wands
a: Renounce Religion


You were on level 7 of the Dungeon.
You worshipped Vehumet.
Vehumet was pleased with you.
You visited 1 branch of the dungeon, and saw 7 of its levels.

You collected 364 gold pieces.

Inventory:

Hand Weapons
 a - a +2 vampiric dagger (weapon)
 r - a +0 trident
 s - the +5 rapier of the Hero {heavy, rN+ Dex+3}
   (You found it on level 3 of the Dungeon)

   Dex:       It affects your dexterity (+3).
   rN:        It protects you from negative energy.
Missiles
 v - 22 poisoned darts (quivered)
Armour
 l - a +0 helmet (worn)
 o - a +0 pair of gloves (worn)
 w - a +0 robe (worn)
Jewellery
 x - an amulet of magic regeneration (around neck)
Wands
 g - a wand of roots (15)
 D - a wand of flame (14)
 E - a wand of mindburst (9)
Scrolls
 c - a scroll of blinking {unknown}
 h - 6 scrolls of identify {unknown}
 i - a scroll of enchant armour {unknown}
 j - 2 scrolls of amnesia {unknown}
 k - 3 scrolls of enchant weapon {unknown}
 p - a scroll of immolation {unknown}
 t - 2 scrolls of fog {unknown}
 y - a scroll of silence {unknown}
 A - a scroll of summoning {unknown}
 B - a scroll of magic mapping {unknown}
 C - a scroll of fear
Potions
 b - a potion of magic
 d - 2 potions of ambrosia {unknown}
 e - 5 potions of attraction
 f - 2 potions of haste {unknown}
 n - 4 potions of curing
 q - a potion of heal wounds {unknown}
 u - 3 potions of brilliance {unknown}
 z - a potion of lignification {unknown}


   Skills:
 + Level 2.3 Short Blades
 + Level 0.9 Throwing
 * Level 5.3 Dodging
 + Level 4.3 Stealth
 * Level 7.6 Spellcasting
 * Level 8.0 Necromancy
 * Level 3.9 Translocations
 + Level 0.8 Evocations


You had 13 spell levels left.
You knew the following spells:

 Your Spells              Type           Power      Damage    Failure   Level
a - Necrotise             Necr           100%       1d9       1%          1
b - Freeze                Ice            40%        1d6       5%          1
c - Foxfire               Conj/Fire      40%        2x1d6     5%          1
d - Vampiric Draining     Necr           52%        2d9       1%          3
t - Teleport Other        Tloc           31%        N/A       3%          3

Your spell library contained the following spells:

 Spells                   Type           Power      Damage    Failure   Level
 Lesser Beckoning         Tloc           62%        N/A       1%          2
 Animate Dead             Necr           52%        N/A       1%          4
 Gell's Gravitas          Tloc           31%        N/A       3%          3
 Agony                    Necr           52%        N/A       5%          5
 Spider Form              Tmut/Pois      10%        N/A       16%         3
 Cause Fear               Hex            5%         N/A       47%         4
 Summon Mana Viper        Hex/Summ       10%        N/A       83%         5


Dungeon Overview and Level Annotations

Branches:
Dungeon (7/15)             Temple (0/1) D:6

Altars:
Dithmenos
Fedhas
Hepliaklqana
Okawaru
Qazlal
Trog
Vehumet
Zin
The Shining One

Shops:
D:2 =   D:4 (

Annotations:
D:5 white imp
D:6 Blork the orc
D:7 Menkaure


Innate Abilities, Weirdness & Mutations

Your mind is acute. (Int +4, Str/Dex -1)
Your system is resistant to poisons. (rPois)
You expend magic power (3 MP) to strengthen your wands.


Message History

You feel life coursing into your body.
The gnoll sergeant completely misses you.
The gnoll sergeant hits you with a +4 trident of venom!
You are lethally poisoned!
It was a potion of attraction.
You feel attractive to monsters.
You feel very sick. The gnoll sergeant misses you.
Really quaff the potion of attraction? [Y]es or [N]o only, please.
Really quaff the potion of attraction?
Okay, then.
It was a potion of mutation.
You feel extremely strange.
You feel resistant to poisons.
You feel your magical essence link to the dungeon's wands.
You feel clever.
You feel very sick. The gnoll sergeant closely misses you.
It was a potion of curing.
You feel better.
The gnoll sergeant hits you with a +4 trident of venom!
* * * LOW HITPOINT WARNING * * *
Casting: Vampiric Draining (safe; 1% risk of failure)
Confirm with . or Enter, or press ? or * to list all spells.
Aiming: Vampiric Draining (safe; 1% risk of failure)
Press: ? - help, Shift-Dir - straight line, f - gnoll sergeant
Aim: a gnoll sergeant, wielding a +4 trident of venom, wearing a +0 ring mail and wearing a +0 buckler You draw life force from the gnoll sergeant!
You feel life coursing into your body!
The gnoll sergeant hits you with a +4 trident of venom!
* * * LOW HITPOINT WARNING * * *
Casting: Vampiric Draining (safe; 1% risk of failure)
Confirm with . or Enter, or press ? or * to list all spells.
Aiming: Vampiric Draining (safe; 1% risk of failure)
Press: ? - help, Shift-Dir - straight line, f/p - gnoll sergeant
Aim: a gnoll sergeant, wielding a +4 trident of venom, wearing a +0 ring mail and wearing a +0 buckler (heavily wounded)
You miscast Vampiric Draining.
You are very lightly contaminated with residual magic.
Nothing appears to happen.
The gnoll sergeant hits you with a +4 trident of venom!
You die...

#.# #.. # #.# .##
..#.##.######
.gg.g...........#
###
#####.####..######.#
#.. #.<....g##..#
#.# #.# #g##..#
#.###.# #g##..#
#...#.#
#@##..########.#.#
#.##.............#
#.##†....#####.###
#..'......####.#
####...........#
#........)###
#########.# #.##
#..#


You could see a gnoll sergeant and 2 gnolls.

Vanquished Creatures
  A sky beast (D:6)
  2 black bears
  An ogre (D:5)
  A centaur (D:7)
  A phantom (D:7)
  A kobold brigand (D:6)
  A bullfrog (D:7)
  2 scorpions (D:5)
  A gnoll bouda (D:4)
  5 hounds
  A jelly (D:6)
  A sleepcap (D:5)
  4 iguanas
  An orc wizard (D:7)
  10 gnolls
  8 adders
  2 white imps
  An ufetubus (D:7)
  A worm (D:4)
  3 dart slugs
  10 orcs
  6 ball pythons
  3 endoplasms
  8 goblins
  5 hobgoblins
  A quokka (D:1)
  4 bats
  4 frilled lizards
  12 kobolds
  A rat (D:2)
102 creatures vanquished.

Notes
Turn   | Place    | Note
-------+----------+-------------------------------------------
     0 | D:1      | Esekla the Deep Elf Necromancer began the quest for the
                  | Orb.
     0 | D:1      | Reached XP level 1. HP: 10/10 MP: 6/6
   222 | D:2      | Reached skill level 5 in Necromancy
   226 | D:2      | Found Renulab's Jewellery Shop.
   433 | D:3      | Found a hazy altar of Hepliaklqana.
   625 | D:4      | Found Ponaysk's Antique Weapon Boutique.
   687 | D:4      | Found an iron altar of Okawaru.
   695 | D:4      | Found a radiant altar of Vehumet.
   699 | D:4      | Became a worshipper of Vehumet
   721 | D:4      | Found a glowing silver altar of Zin.
   875 | D:4      | Found a glowing golden altar of the Shining One.
  1067 | D:3      | Reached XP level 2. HP: 15/15 MP: 8/8
  1301 | D:3      | Identified the +5 rapier of the Hero {heavy, rN+ Dex+3}
  1478 | D:1      | Reached XP level 3. HP: 10/19 MP: 9/9
  1489 | D:1      | Learned a level 3 spell: Vampiric Draining
  1792 | D:1      | Reached * piety under Vehumet
  1792 | D:1      | Offered knowledge of Freeze by Vehumet.
  1801 | D:1      | Learned a level 1 spell: Freeze
  1805 | D:1      | Learned a level 3 spell: Teleport Other
  1856 | D:2      | Noticed a black bear
  1870 | D:2      | Killed a black bear
  1871 | D:2      | Reached skill level 1 in Short Blades
  1871 | D:2      | Reached skill level 1 in Translocations
  1871 | D:2      | Reached XP level 4. HP: 19/24 MP: 3/11
  1871 | D:2      | Reached XP level 5. HP: 22/28 MP: 3/12
  2125 | D:2      | Found a faded altar of an unknown god.
  2319 | D:3      | Found a stormy altar of Qazlal.
  2325 | D:3      | Found a bloodstained altar of Trog.
  2632 | D:5      | Entered Level 5 of the Dungeon
  2659 | D:5      | Reached XP level 6. HP: 28/32 MP: 9/14
  2688 | D:5      | Reached skill level 6 in Necromancy
  3421 | D:5      | Reached skill level 5 in Spellcasting
  3421 | D:5      | Reached XP level 7. HP: 30/36 MP: 9/16
  3565 | D:5      | Reached skill level 7 in Necromancy
  3707 | D:5      | Found a shadowy altar of Dithmenos.
  3936 | D:5      | Got the Parchment of the Lumpy Olives
  4193 | D:6      | Offered knowledge of Foxfire by Vehumet.
  4252 | D:6      | Reached ** piety under Vehumet
  4300 | D:6      | Reached XP level 8. HP: 41/41 MP: 20/20
  4303 | D:6      | Found a blossoming altar of Fedhas.
  4318 | D:6      | Learned a level 1 spell: Foxfire
  4430 | D:6      | Found a staircase to the Ecumenical Temple.
  4583 | D:6      | Reached skill level 5 in Dodging
  4603 | D:6      | Noticed Blork the orc
  4794 | D:7      | Reached skill level 8 in Necromancy
  4839 | D:7      | Noticed Menkaure
  4999 | D:7      | Gained mutation: Your system is resistant to poisons.
                  | (rPois) [potion of mutation]
  4999 | D:7      | Gained mutation: You expend magic power (3 MP) to
                  | strengthen your wands. [potion of mutation]
  4999 | D:7      | Gained mutation: Your mind is acute. (Int +4, Str/Dex -1)
                  | [potion of mutation]
  5002 | D:7      | Mangled by a gnoll sergeant

Illustrated notes

Levels and vault maps discovered:
D:1:      sevenhm_arrival_forest_fort_small_3, layout_rooms,
          chequers_serial_rivers_room_b, minmay_misc_feat_five
D:2:      layout_loops_ring, dreamdust_ecumenical_altar_angels_and_demons,
          serial_shops, shop
D:3:      layout_basic, grunt_temple_overflow_open, minmay_misc_feat_iff
D:4:      layout_basic, nicolae_overflow_quartered_altars, serial_shops,
          nicolae_diamond_shop
D:5:      layout_loops_ring, lemuel_doored_altar, minmay_misc_feat_rows,
          dreamdust_wishing_well
D:6:      layout_loops_cross, fedhas_altar_fruit_tree,
          minmay_temple_entry_glass, uniq_pikel, uniq_blork_the_orc
D:7:      layout_basic, uniq_menkaure, uniq_joseph, uniq_crazy_yiuf_cottage

Skill      XL: |  1  2  3  4  5  6  7  8 |
---------------+-------------------------+-----
Necromancy     | 5 6 7 8 |  8.0
Stealth        | 3 4 |  4.3
Dodging        | 3 4 5 |  5.3
Short Blades   | 1 2 |  2.3
Translocations | 1 2 3 |  3.9
Spellcasting   | 4 5 6 7 |  7.6
Throwing       | |  0.9
Evocations     | |  0.8

Action                     |  1- 3 |  4- 6 |  7- 9 || total
---------------------------+-------+-------+-------++-------
  Melee: Short sword       |    47 |       |       ||    47
         Unarmed           |     9 |       |       ||     9
         Rapier            |     6 |       |     3 ||     9
         Dagger            |    40 |   162 |   117 ||   319
         Punch             |     1 |     2 |     2 ||     5
  Throw: Dart              |       |    15 |     9 ||    24
   Cast: Vampiric Draining |     3 |    30 |    30 ||    63
         Teleport Other    |       |       |     1 ||     1
  Evoke: Wand              |       |       |     1 ||     1
    Use: Scroll            |     1 |     1 |       ||     2
         Potion            |       |       |     3 ||     3
   Stab: Sleeping          |     5 |     2 |     4 ||    11
         Distracted        |       |       |     1 ||     1
 Armour: Robe              |    27 |    23 |    17 ||    67
  Dodge: Dodged            |    76 |    78 |   113 ||   267
